 Dungeon Crawl Stone Soup version 0.21.1-1-g345015fe64 (webtiles) character file.

189 Gargoyl the Skirmisher (level 5, -3/46 HPs)
             Began as a Centaur Abyssal Knight on Mar 13, 2018.
             Was a Believer of Lugonu.
             Slain by an ogre
             ... wielding a +0 giant spiked club
              (17 damage)
             ... on level 4 of the Dungeon.
             The game lasted 00:03:43 (2340 turns).

Gargoyl the Skirmisher (Centaur Abyssal Knight)     Turns: 2340, Time: 00:03:44

Health: -3/46      AC:  7    Str: 15    XL:     5   Next: 40%
Magic:  7/7        EV:  4    Int: 11    God:    Lugonu [**....]
Gold:   146        SH:  0    Dex:  9    Spells: 4/4 levels left

rFire    . . .     SeeInvis .   a - +1 hand axe
rCold    . . .     Gourm    .   (no shield)
rNeg     . . .     Faith    .   d - +0 chain mail
rPois    .         Spirit   .   (no helmet)
rElec    .         Reflect  .   (no cloak)
rCorr    .         Harm     .   (no gloves)
MR       .....                  (no barding)
Stlth    ..........             k - amulet of regeneration
HPRegen  0.55/turn              (no ring)
MPRegen  0.10/turn              (no ring)

@: very quick
A: large, hooves 3, deformed body, speed 2, tough skin 3
a: Depart the Abyss, Bend Space, Renounce Religion


You were on level 4 of the Dungeon.
You worshipped Lugonu.
Lugonu was pleased with you.
You were not hungry.

You visited 1 branch of the dungeon, and saw 4 of its levels.
You visited the Abyss 1 time.

You collected 146 gold pieces.

Inventory:

Hand Weapons
 a - a +1 hand axe (weapon)
Armour
 d - a +0 chain mail (worn)
Jewellery
 k - an amulet of regeneration (around neck)
Scrolls
 e - 2 scrolls of teleportation
 f - a scroll of identify
Potions
 b - a potion of invisibility {unknown}
 h - a potion of cancellation {unknown}
 j - a potion of degeneration {unknown}
 n - a potion of curing {unknown}
Comestibles
 c - 6 rations
 l - 3 chunks of flesh


   Skills:
 + Level 4.0 Fighting
 + Level 2.9 Axes
 * Level 2.6 Armour
 + Level 0.8 Dodging
 * Level 3.0 Invocations


You had 4 spell levels left.
You didn't know any spells.

Dungeon Overview and Level Annotations

Branches:
Dungeon (4/15)             Temple (0/1) D:4

Altars:
Gozag
Trog
Uskayaw
Yredelemnul


Innate Abilities, Weirdness & Mutations

You have hooves in place of feet.
Armour fits poorly on your strangely shaped body.
You cover ground very quickly.
You have extremely tough skin. (AC +3)


Message History

You hit the scorpion.
The scorpion is moderately wounded.
The scorpion stings you but does no damage.
You hit the scorpion but do no damage. You kick the scorpion.
The scorpion is heavily wounded.
The scorpion stings you but does no damage.
Your chain mail prevents you from hitting the scorpion.
The scorpion is heavily wounded.
The scorpion stings you but does no damage.
Your chain mail prevents you from hitting the scorpion.
The scorpion is heavily wounded.
You hit the ogre but do no damage.
The ogre hits you with a giant spiked club!!
Ouch! That really hurt!
The scorpion stings you but does no damage.
You hit the scorpion. Your kick misses the scorpion.
The scorpion is heavily wounded.
You hit the ogre. The scorpion stings you.
The ogre hits you with a giant spiked club!
You die...

,* *,,,,** #ยง# *,,,,,** ,*
#.....#####.# *,,,,,,, **
#.....#.....# *,,,,,,, *
*#....#.....# ***,,,,, *
***#....#.....# *,,,,, *****
*,,,$.........# *,,,,,
,,*,*****#####+#.......#####.,,,,
,,,,,,,,,.......O............,,,,
*,,,,********#.s@............,***
,,,,,,,,,.<.....##.....#.....,*
,,,,,,,,,!......*#.....+.....,*
**,,,,,,,......#*#..####,....,*
,*,,,,,,,......* ##.#* **###.,**
,*,**,,,,......** #..* *,,,*
_*,**,,,,.....,,* ##.#* **,,**
,*,******.....,,* *..* *,,,, ,*,*
*,,,,,,,* **,* *,**,


You could see an ogre and a scorpion.

Vanquished Creatures
  A howler monkey (D:4)
  An orc wizard (D:3)
  3 adders (D:2)
  An ooze (D:1)
  3 worms (D:2)
  A dart slug (D:1)
  A leopard gecko (D:2)
  8 orcs (D:3)
  7 bats
  4 giant cockroaches
  4 goblins
  4 hobgoblins
  6 jackals
  3 ball pythons
  3 frilled lizards
  12 kobolds
  6 rats
68 creatures vanquished.

Notes
Turn   | Place    | Note
-------+----------+-------------------------------------------
     0 | Abyss:1  | Gargoyl the Centaur Abyssal Knight began the quest for the Orb.
     0 | Abyss:1  | Reached XP level 1. HP: 19/19 MP: 2/2
    33 | Abyss:1  | Noticed an iron imp
    33 | Abyss:1  | Noticed a spatial maelstrom
    41 | Abyss:1  | Noticed a spatial vortex
    56 | Abyss:2  | Noticed a large abomination
    56 | D:1      | Escaped the Abyss
   539 | D:1      | Reached XP level 2. HP: 26/26 MP: 3/3
   871 | D:1      | Reached * piety under Lugonu
  1285 | D:2      | Reached XP level 3. HP: 31/31 MP: 4/4
  1495 | D:2      | Reached XP level 4. HP: 38/40 MP: 4/6
  1598 | D:2      | Found a hide-covered altar of Uskayaw.
  1598 | D:2      | Found an opulent altar of Gozag.
  1599 | D:2      | Found a basalt altar of Yredelemnul.
  1708 | D:2      | Found a bloodstained altar of Trog.
  1972 | D:3      | Reached ** piety under Lugonu
  1985 | D:3      | Reached XP level 5. HP: 15/46 MP: 7/7
  2326 | D:4      | Reached skill level 4 in Fighting
  2333 | D:4      | Noticed an ogre
  2340 | D:4      | Slain by an ogre

Skill      XL: |  1  2  3  4  5 |
---------------+----------------+-----
Axes           | 2 |  2.9
Armour         | 2 |  2.6
Fighting       | 4 |  4.0
Invocations    | 3 |  3.0
Dodging        | |  0.8

Action                   |  1- 3 |  4- 6 || total
-------------------------+-------+-------++-------
Melee: Hand axe          |   109 |    84 ||   193
       Kick              |    13 |    12 ||    25
Invok: Depart the Abyss  |     1 |       ||     1
  Use: Scroll            |     4 |     3 ||     7
  Eat: Chunk             |     1 |     2 ||     3
Armor: Chain mail        |   119 |   119 ||   238
Dodge: Dodged            |    32 |    31 ||    63
